 Dungeon Crawl Stone Soup version 0.28-a0-863-g8cecda6153 (webtiles) character file.

Game seed: 6483004027049287880

13106 BinkBink the Spear-Bearer (level 11, -3/100 HPs)
             Began as a Deep Dwarf Berserker on Nov 20, 2021.
             Was a Priest of Trog.
             Killed by mirror damage (40 damage)
             ... on level 11 of the Dungeon.
             The game lasted 00:29:10 (8019 turns).

BinkBink the Spear-Bearer (Deep Dwarf Berserker)    Turns: 8019, Time: 00:29:10

Health: -3/100     AC: 26    Str: 30    XL:     11   Next: 71%
Magic:  11/11      EV: 10    Int: 12    God:    Trog [***...]
Gold:   583        SH:  0    Dex: 16    Spells: 10/10 levels left

rFire   . . .      SeeInvis .   y - +9 glaive of the Final Beds {drain, *Rage rPois Int+4}
rCold   x . .      Faith    .   (shield currently unavailable)
rNeg    . . .      Spirit   .   A - +9 plate armour of the Past {Harm +Blink rC- Dex+4}
rPois   +          Reflect  .   c - +2 hat {Stlth+}
rElec   .          Harm     +   (no cloak)
rCorr   .          Rampage  .   (no gloves)
Will    +....      Rage     20% K - +0 pair of boots
Stlth   ..........              (no amulet)
HPRegen 0.00/turn               u - +4 ring of slaying
MPRegen 0.12/turn               w - +6 ring of strength

@: no status effects
A: damage resistance, heal wounds, sense surroundings 2, no regeneration
a: Heal Wounds, Renounce Religion, Evoke Blink, Berserk, Trog's Hand


You were on level 11 of the Dungeon.
You worshipped Trog.
Trog was most pleased with you.
You visited 2 branches of the dungeon, and saw 12 of its levels.
You visited the Abyss 1 time.
You also visited: Sewer.

You collected 583 gold pieces.

Inventory:

Hand Weapons
 y - the +9 glaive of the Final Beds (weapon) {drain, *Rage rPois Int+4}
   (You found it in a sewer)

   A truly terrible weapon, it drains the life of any living foe it strikes.
   Int:       It affects your intelligence (+4).
   rPois:     It protects you from poison.
   *Rage:     It berserks you when you make melee attacks (+20% chance).
Armour
 c - a +2 hat of stealth (worn)
 A - the +9 plate armour of the Past (worn) {Harm +Blink rC- Dex+4}
   (You acquired it on level 1 of the Abyss)

   Dex:       It affects your dexterity (+4).
   rC:        It makes you vulnerable to cold.
   +Blink:    It lets you blink.
   Harm:      It increases damage dealt and taken.
 K - a +0 pair of boots (worn)
 U - the +3 hat of Pondering {ponderous, Will+ MP+10 Int+5}
   (You took it off Gastronok on level 11 of the Dungeon)

   Int:       It affects your intelligence (+5).
   MP:        It affects your magic capacity (+10).
   Will:      It increases your willpower.
Jewellery
 g - a ring of magical power
 h - a ring of protection from cold
 n - a ring of poison resistance
 u - a +4 ring of slaying (left hand)
 w - a +6 ring of strength (right hand)
 C - a ring of magical power
 E - a ring of protection from cold
 H - a ring of willpower
 S - a +6 ring of strength
 T - a +6 ring of dexterity
Wands
 j - a wand of iceblast (24)
 l - a wand of digging (6)
 B - a wand of mindburst (11)
 J - a wand of flame (26)
 L - a wand of paralysis (18)
 M - a wand of acid (10)
Scrolls
 d - 2 scrolls of enchant weapon
 e - 2 scrolls of noise
 k - 12 scrolls of identify
 o - 6 scrolls of fog {unknown}
 p - a scroll of holy word {unknown}
 t - 2 scrolls of enchant armour {unknown}
 x - a scroll of vulnerability {unknown}
 D - a scroll of immolation {unknown}
 F - 2 scrolls of summoning {unknown}
 G - a scroll of acquirement
 O - a scroll of fear {unknown}
 P - a scroll of teleportation
 Q - a scroll of blinking {unknown}
 R - a scroll of amnesia {unknown}
Potions
 a - a potion of curing {unknown}
 b - 2 potions of flight {unknown}
 f - 2 potions of heal wounds {unknown}
 i - 5 potions of mutation {unknown}
 m - a potion of ambrosia {unknown}
 q - 3 potions of degeneration {unknown}
 r - a potion of magic {unknown}
 s - 2 potions of invisibility {unknown}
 v - a potion of resistance {unknown}
 z - 4 potions of might {unknown}
 I - a potion of attraction {unknown}
 V - a potion of haste {unknown}
Miscellaneous
 N - a tin of tremorstones (2/2)


   Skills:
 + Level 7.0 Fighting
 - Level 9.2(12.7) Axes
 * Level 11.7(12.7) Polearms
 + Level 9.4 Armour
 + Level 4.5 Dodging
 + Level 1.2 Stealth
 + Level 1.6 Shields


You had 10 spell levels left.
You didn't know any spells.
Your spell library was empty.

Dungeon Overview and Level Annotations

Branches:
Dungeon (11/15)            Temple (0/1) D:7            Lair (0/6) D:8
    Orc (1/2) D:10          Sewer (visited)

Altars:
Ashenzari
Fedhas
Hepliaklqana
Nemelex Xobeh
Okawaru
Sif Muna
Uskayaw
Vehumet
Wu Jian
Xom
Yredelemnul
Zin
The Shining One

Shops:
D:6 *   D:7 =*

Annotations:
Orc:1 Urug


Innate Abilities, Weirdness & Mutations

You are resistant to damage.
You can heal yourself by infusing magical energy.
You passively map the area around you.
You do not regenerate.


Message History

You completely miss the two-headed ogre.
The two-headed ogre is heavily wounded.
You recover from your berserk rage.
The two-headed ogre barely misses you. The two-headed ogre misses you.
You slice the two-headed ogre!!
You kill the two-headed ogre!
Trog accepts your kill.
Your Fighting skill increases to level 7!
You open the door.
There is an open door here.
A phantasmal warrior comes into view.
A death knight comes into view. It is wielding a +0 battleaxe.
The phantasmal warrior hits you!!
You slice the phantasmal warrior!!
The phantasmal warrior is heavily damaged.
The phantasmal warrior hits you but does no damage.
A wraith comes into view.
You hit the phantasmal warrior.
The phantasmal warrior is heavily damaged.
The phantasmal warrior completely misses you.
A freezing wraith comes into view.
You slash the phantasmal warrior!
The phantasmal warrior is almost destroyed.
The phantasmal warrior hits you but does no damage.
You hit the phantasmal warrior but do no damage.
The phantasmal warrior is almost destroyed.
The phantasmal warrior hits you but does no damage.
You slice the phantasmal warrior!!
You destroy the phantasmal warrior!
Trog accepts your kill.
You closely miss the death knight.
The death knight hits you with a +0 battleaxe.
You slice the death knight!!
The death knight is moderately wounded.
The death knight hits you with a +0 battleaxe!
The death knight offers itself to Yredelemnul, and fills with unholy energy.
You slice the death knight!! You drain the death knight.
The death knight is almost dead.
The death knight reflects your damage back at you!
You die...

####)...###########
...'....'...#.....#
...#....###.#.###.#
.#.#....# #.#.#...#
##.######
#.#.#.###** ...#
#...#.# , * ####
#####.# # #.####.#
# #.@pWW.# #
######## #


You could see a death knight (reflects damage, drained), a freezing wraith and a
wraith.

Vanquished Creatures
  Gastronok (D:11)
  2 two-headed ogres (D:11)
  A phantasmal warrior (D:11)
  An oklob plant (D:7)
  An ugly thing (D:9)
  Psyche (D:8)
  2 trolls (D:10)
  4 raiju (Abyss:1)
  A shadow (D:11)
  A wyvern (D:7)
  Sigmund (D:3)
  3 wraiths
  3 yaks (D:6)
  Eustachio (D:5)
  4 vampire mosquitoes (D:10)
  2 acid dragons
  2 wargs (D:8)
  3 black bears
  2 sky beasts (D:5)
  5 orc warriors
  2 ogres
  3 necrophages
  3 centaurs
  2 kobold brigands
  5 bullfrogs
  A gnoll sergeant (D:9)
  3 scorpions
  A water moccasin zombie (D:5)
  3 wyvern zombies (D:8)
  7 killer bees
  3 howler monkeys
  5 wights (D:8)
  5 electric eels (D:11)
  2 lava snakes (D:10)
  11 orc priests
  A gnoll shaman (D:7)
  Crazy Yiuf (D:2)
  2 hounds (D:6)
  9 jellies
  9 centaur zombies
  2 iguanas
  A centaur skeleton (D:7)
  8 orc wizards
  A killer bee zombie (D:8)
  3 howler monkey zombies
  5 gnolls (D:9)
  A howler monkey skeleton (D:7)
  8 adders
  2 shadow imps
  3 white imps
  An adder skeleton (D:4)
  2 worms
  4 dart slugs
  23 orcs
  11 ball pythons
  22 endoplasms
  9 giant cockroaches
  11 goblins
  8 hobgoblins
  5 jackals
  13 kobolds
  5 quokkas
  9 bats
  10 frilled lizards
  9 rats
  A spectral hobgoblin (D:1)
296 creatures vanquished.

Vanquished Creatures (others)
  4 fungi (D:7)
  5 plants
9 creatures vanquished.

Grand Total: 305 creatures vanquished

Notes
Turn   | Place    | Note
-------+----------+-------------------------------------------
     0 | D:1      | BinkBink the Deep Dwarf Berserker began the quest for the
                  | Orb.
     0 | D:1      | Reached XP level 1. HP: 20/20 MP: 1/1
   158 | D:1      | Reached XP level 2. HP: 17/27 MP: 2/2
   247 | D:1      | Found a faded altar of an unknown god.
   366 | D:1      | Reached ** piety under Trog
   393 | D:1      | Reached XP level 3. HP: 20/34 MP: 3/3
   834 | D:2      | Found a runed translucent door.
   835 | D:2      | Noticed Crazy Yiuf
  1373 | D:2      | Killed Crazy Yiuf
  1374 | D:2      | Reached XP level 4. HP: 40/42 MP: 4/4
  1523 | D:3      | Found an ornate altar of the Wu Jian Council.
  1525 | D:3      | Found a blossoming altar of Fedhas.
  1554 | D:3      | Found a radiant altar of Vehumet.
  1847 | D:3      | Noticed Sigmund
  2082 | D:3      | Killed Sigmund
  2083 | D:3      | Reached skill level 5 in Axes
  2083 | D:3      | Reached XP level 5. HP: 38/49 MP: 5/5
  2083 | D:3      | Reached XP level 6. HP: 44/56 MP: 6/6
  2320 | D:4      | Found a broken altar of Ashenzari.
  2506 | D:4      | Reached XP level 7. HP: 59/63 MP: 7/7
  2742 | D:5      | Entered Level 5 of the Dungeon
  2757 | D:5      | Reached skill level 5 in Armour
  2900 | D:5      | Noticed Eustachio
  2932 | D:5      | Killed Eustachio
  2933 | D:5      | Reached XP level 8. HP: 68/72 MP: 8/8
  3332 | D:6      | Found a glowing golden altar of the Shining One.
  3373 | D:6      | Found a glowing drain.
  3385 | Sewer    | Entered a sewer
  3582 | Sewer    | Reached skill level 1 in Stealth
  3582 | Sewer    | Reached *** piety under Trog
  3614 | Sewer    | Identified the +9 glaive of the Final Beds {drain, *Rage
                  | rPois Int+4}
  3621 | Sewer    | Cast into level 1 of the Abyss (unwielding a weapon of
                  | distortion)
  3621 | Abyss:1  | Found a corrupted altar of Lugonu.
  3667 | Abyss:1  | Noticed a raiju
  3668 | Abyss:1  | Noticed a raiju
  3669 | Abyss:1  | Identified 2 scrolls of acquirement
  3669 | Abyss:1  | Acquired the +9 plate armour of the Past {Harm +Blink rC-
                  | Dex+4}
  3671 | Abyss:1  | Killed a raiju
  3672 | Abyss:1  | Killed a raiju
  3672 | Abyss:1  | Noticed a raiju
  3673 | Abyss:1  | Reached skill level 5 in Fighting
  3673 | Abyss:1  | Reached skill level 1 in Shields
  3673 | Abyss:1  | Gained mutation: You passively map the area around you.
                  | [Deep Dwarf growth]
  3673 | Abyss:1  | Reached XP level 9. HP: 81/81 MP: 9/9
  3678 | Abyss:1  | Reached skill level 1 in Polearms
  3685 | Sewer    | Escaped the Abyss
  3698 | Sewer    | Acquired a +2 hat of stealth
  3915 | D:6      | Reached skill level 2 in Polearms
  4013 | D:6      | Reached skill level 3 in Polearms
  4034 | D:6      | Reached skill level 4 in Polearms
  4178 | D:6      | Found a hide-covered altar of Uskayaw.
  4181 | D:6      | Noticed a +0 dagger
  4181 | D:6      | Noticed a +0 dagger
  4206 | D:6      | Found Jaisme's General Store.
  4524 | D:6      | Found a sparkling altar of Nemelex Xobeh.
  4583 | D:7      | Reached skill level 5 in Polearms
  4618 | D:7      | Found a staircase to the Ecumenical Temple.
  4667 | D:7      | Noticed an oklob plant
  4725 | D:7      | Reached XP level 10. HP: 82/91 MP: 10/10
  4730 | D:7      | Killed an oklob plant
  4731 | D:7      | Reached skill level 6 in Polearms
  4812 | D:7      | Found a glowing silver altar of Zin.
  5014 | D:7      | Found Immaer's Fire Supplies.
  5261 | D:7      | Found Nyrphew's Jewellery Shoppe.
  5338 | D:7      | Found a shimmering blue altar of Sif Muna.
  5380 | D:7      | Found an iron altar of Okawaru.
  5387 | D:7      | Reached skill level 7 in Polearms
  5530 | D:8      | Reached **** piety under Trog
  5564 | D:8      | Noticed Psyche
  5573 | D:8      | Killed Psyche
  5574 | D:8      | Reached skill level 8 in Polearms
  5608 | D:8      | Found a staircase to the Lair.
  5658 | D:8      | Found a basalt altar of Yredelemnul.
  6230 | D:9      | Noticed a red ugly thing
  6237 | D:9      | Killed a red ugly thing
  6238 | D:9      | Reached skill level 9 in Polearms
  6751 | D:10     | Entered Level 10 of the Dungeon
  6809 | D:10     | Found a hazy altar of Hepliaklqana.
  6894 | D:10     | Reached XP level 11. HP: 99/99 MP: 11/11
  6959 | D:10     | Reached skill level 10 in Polearms
  6985 | D:10     | Found a shimmering altar of Xom.
  7105 | D:10     | Found a staircase to the Orcish Mines.
  7253 | D:11     | Noticed Gastronok
  7253 | D:11     | Noticed a two-headed ogre
  7403 | Orc:1    | Entered Level 1 of the Orcish Mines
  7435 | Orc:1    | Noticed Urug
  7753 | D:11     | Killed a two-headed ogre
  7888 | D:11     | Killed Gastronok
  7889 | D:11     | Reached skill level 11 in Polearms
  7983 | D:11     | Noticed a two-headed ogre
  7987 | D:11     | Killed a two-headed ogre
  8010 | D:11     | Noticed a phantasmal warrior
  8011 | D:11     | Noticed a death knight
  8016 | D:11     | Killed a phantasmal warrior
  8019 | D:11     | Killed by mirror damage

Illustrated notes

Levels and vault maps discovered:
D:1:      dpeg_arrival_concentric_ovals, layout_rooms,
          dreamdust_ecumenical_altar_drowned_temple, serial_bayou_lagoon_a
D:2:      minmay_diamond_boxcup, layout_loops_ring, uniq_crazy_yiuf_cottage
D:3:      layout_loops_ring, mainiacjoe_overflow_concentric_impassable,
          fedhas_altar_2, mainiacjoe_overflow_tiny_flanked, minivault_11,
          nicolae_elevator_lobby_plus, uniq_sigmund
D:4:      layout_rooms, nicolae_ashenzari_panopticon
D:5:      layout_cave_pools, uniq_eustachio
D:6:      layout_loops_corners, dancing_weapons_uskayaw, kennysheep_mini,
          nicolae_overflow_crystal_walls, portal_sewer_entry_c, serial_shops,
          nicolae_shop_hallway_plus
D:7:      lemuel_slime, layout_gridville, mainiacjoe_overflow_two_lobes,
          lemuel_doored_altar, minmay_temple_entry_gardened_gates, serial_shops,
          nicolae_shop_hallway_stairs, chequers_decorated_corner,
          nicolae_shop_fire_sale [nicolae_sub_dead_trees],
          kennysheep_generic_room_10
D:8:      layout_loops_cross, nicolae_yredelemnul_corpse_copse,
          erik_lair_orcish_takeover, uniq_psyche
D:9:      layout_roguey
D:10:     layout_cross, mainiacjoe_overflow_cross_hatched, lemuel_crystal_altar,
          orc_0_dummy, kennysheep_generic_room_2
D:11:     layout_basic, uniq_gastronok
Orc:1:    layout_caves, basic_altar, roderic_batcave, uniq_urug, uniq_fannar

Skill      XL: |  1  2  3  4  5  6  7  8  9 10 11 |
---------------+----------------------------------+-----
Fighting       | 3 4 5 6 7 |  7.0
Axes           | 4 5 6 7 9 |  9.2
Armour         | 3 4 5 7 8 9 |  9.4
Dodging        | 3 4 |  4.5
Stealth        | 1 |  1.2
Shields        | 1 |  1.6
Polearms       | 5 9 11 | 11.7

Action                   |  1- 3 |  4- 6 |  7- 9 | 10-12 || total
-------------------------+-------+-------+-------+-------++-------
Melee: Hand axe          |   109 |    72 |   115 |       ||   296
       Glaive            |       |       |    91 |   218 ||   309
Invok: Trog's Hand       |     1 |     4 |     8 |    18 ||    31
       Berserk           |       |     1 |       |     1 ||     2
  Use: Scroll            |     2 |       |     3 |       ||     5
Armor: Scale mail        |    41 |    21 |    33 |       ||    95
       Animal skin       |     1 |       |       |       ||     1
       Plate armour      |       |       |    64 |   159 ||   223
Dodge: Dodged            |    63 |    22 |   116 |    89 ||   290
Block: Buckler           |       |     2 |    11 |       ||    13

Table legend: (Time is in decaauts)
 A = Elapsed time spent in this place.
 B = Non-inter-level travel time spent in this place.
 C = Inter-level travel time spent in this place.
 D = Time resting spent in this place.
 E = Time spent auto-exploring this place.
 F = Levels seen in this place.
 G = Mean time per level.
                   A        B        C        D        E       F      G
               +--------+--------+--------+--------+--------+-----+--------+
         Total |   8486 |   7771 |    715 |      0 |   5282 |  14 |  606.1 |
       Dungeon |   8090 |   7375 |    715 |      0 |   5144 |  11 |  735.5 |
  Orcish Mines |     25 |     25 |      0 |      0 |      0 |   1 |   25.0 |
         Abyss |     69 |     69 |      0 |      0 |     41 |   1 |   69.0 |
         Sewer |    301 |    301 |      0 |      0 |     96 |   1 |  301.0 |
               +--------+--------+--------+--------+--------+-----+--------+

Top non-repeatable levels by time:
     D:7: 1026 daAuts
     D:6: 1014 daAuts
     D:2: 937 daAuts
    D:10: 763 daAuts
     D:8: 747 daAuts
     D:3: 689 daAuts
     D:1: 663 daAuts
    D:11: 598 daAuts
     D:9: 597 daAuts
     D:5: 557 daAuts
     D:4: 495 daAuts
   Sewer: 301 daAuts
 Abyss:1: 69 daAuts
   Orc:1: 25 daAuts
